 Dungeon Sprint DCSS version 0.19-a0-1792-g28b16ba (webtiles) character file.

2961 poirepourri the Unseen (level 9, 0/41 HPs)
             Began as a Spriggan Enchanter on Oct 4, 2016.
             Was a Follower of Dithmenos.
             Killed from afar by an oklob plant (9 damage)
             ... with a splash of acid
             ... in the Dungeon (Sprint I: "Red Sonja").
             The game lasted 00:02:26 (862 turns).

poirepourri the Unseen (Spriggan Enchanter)          Turns: 862, Time: 00:02:27

Health: 0/41       AC:  4    Str:  4    XL:     9   Next: 52%
Magic:  3/23       EV: 27    Int: 17    God:    Dithmenos [*.....]
Gold:   358        SH:  0    Dex: 19    Spells: 5 memorised, 14 levels left

rFire  + . .     SeeInvis +     l - +0 dagger (drain)
rCold  . . .     Gourm    +     n - +2 robe {rF+}
rNeg   . . .     Faith    .     (shield restricted)
rPois  .         Spirit   .     (helmet restricted)
rElec  .         Dismiss  .     (no cloak)
rCorr  .         Reflect  .     (gloves unavailable)
MR     +....     Harm     .     (boots unavailable)
Stlth  +++++++++. NoTele   +    i - amulet of the gourmand
                                (no ring)
                                (no ring)

@: very slightly contaminated, hasted, wreathed by umbra, very quick
A: unfitting armour, see invisible, herbivore 3, speed 3, slow metabolism 2
a: Renounce Religion


You were in the Dungeon.
You worshipped Dithmenos.
Dithmenos was aware of your devotion.
You were not hungry.

You visited 1 branch You collected 605 gold pieces.
You spent 247 gold pieces at shops.

Inventory:

Hand Weapons
 a - a +1 dagger
 k - a +0 blowgun
 l - a +0 dagger of draining (weapon)
Missiles
 m - 5 curare-tipped needles
Armour
 b - a +1 robe
 n - a +2 robe of fire resistance (worn)
Jewellery
 i - an amulet of the gourmand (around neck)
Scrolls
 j - a scroll of blinking
 o - 2 scrolls of identify
Potions
 e - a potion of curing
 h - 3 potions of magic
Books
 c - a book of Maledictions

   Spells                             Type                      Level
   a - Corona                         Hexes                        1
   b - Ensorcelled Hibernation        Hexes/Ice                    2
   c - Confuse                        Hexes                        3
   d - Tukima's Dance                 Hexes                        3
   e - Dazzling Spray                 Conjuration/Hexes            3
Comestibles
 d - a bread ration


   Skills:
 - Level 1.4 Fighting
 + Level 8.0 Short Blades
 + Level 10.5 Dodging
 + Level 19.1 Stealth
 + Level 9.3 Spellcasting
 + Level 14.6 Hexes


You had 14 spell levels left.
You knew the following spells:

 Your Spells              Type           Power        Failure   Level  Hunger
a - Corona                Hex            ######.      1%          1    None
b - Ensorcelled Hibernat  Hex/Ice        ####..       1%          2    None
c - Confuse               Hex            ######..     1%          3    None
d - Tukima's Dance        Hex            ######..     1%          3    None
e - Dazzling Spray        Conj/Hex       ####..       1%          3    None


Dungeon Overview and Level Annotations

Branches:
Dungeon (1/1)

Altars:
Cheibriados
Dithmenos
Elyvilon
Fedhas
Gozag
Hepliaklqana
Kikubaaqudgha
Nemelex Xobeh
Okawaru
Qazlal
Ru
Sif Muna
Trog
Uskayaw
Vehumet
Yredelemnul
Zin
The Shining One

Shops:
D !}[

Annotations:
D exclusion: oklob plant


Innate Abilities, Weirdness & Mutations

You are very small and have problems with some larger weapons.
You are too small for most types of armour.
You have supernaturally acute eyesight. (SInv)
You are a herbivore.
You cover ground extremely quickly.
You need consume almost no food.


Message History

You feel yourself speed up. The oklob plant spits acid at you.
The splash of acid hits you!
You are splashed with acid!
The acid burns!
* * * LOW HITPOINT WARNING * * *
You hit the oklob plant.
The oklob plant is moderately damaged.
You hit the oklob plant but do no damage.
The oklob plant is moderately damaged.
You hit the oklob plant.
The oklob plant is moderately damaged.
Casting: Dazzling Spray
Confirm with . or Enter, or press ? or * to list all spells.
Aiming: Dazzling Spray
Press: ? - help, Shift-Dir - straight line, f/p - oklob plant
Aim: an oklob plant (moderately damaged, umbra)
The spray of energy hits the oklob plant.
The oklob plant is moderately damaged.
The oklob plant spits acid at you. The splash of acid hits you!
You die...

##########
'..#.)'..#
#.)'..#..+
##'#####'# ####
#..#...#.####[§####
####..##(#≈§§..#$.#
___##'#..+§§≈§§'..#
∩..†'..._#§§§§§#@§#
.__##_.#'##§#####§#
___###'#.#..§[###P+
######.####)###)###
....'...).§§..'.∩#
+####.÷.##########
##.## #+#


You could see an oklob plant.

Vanquished Creatures
  2 centaur warriors (D)
  Sonja (D)
  A deep troll (D)
  A hornet (D)
  Sigmund (D)
  A yak (D)
  An ogre (D)
  A jelly (D)
  Ijyb (D)
10 creatures vanquished.

Notes
Turn   | Place    | Note
-------+----------+-------------------------------------------
     0 | D        | poirepourri the Spriggan Enchanter began the quest for the Orb.
     0 | D        | Reached XP level 1. HP: 9/9 MP: 5/5
     2 | D        | Noticed Ijyb
    16 | D        | Killed Ijyb
    16 | D        | Reached skill level 6 in Stealth
    16 | D        | Reached skill level 5 in Hexes
    16 | D        | Reached XP level 2. HP: 14/14 MP: 4/7
    49 | D        | Noticed an ogre
    55 | D        | Killed an ogre
    55 | D        | Reached skill level 1 in Fighting
    55 | D        | Reached skill level 5 in Dodging
    55 | D        | Reached skill level 9 in Stealth
    55 | D        | Reached XP level 3. HP: 18/18 MP: 8/10
    55 | D        | Reached XP level 4. HP: 22/22 MP: 8/11
    85 | D        | Learned a level 2 spell: Ensorcelled Hibernation
    89 | D        | Learned a level 3 spell: Confuse
    93 | D        | Learned a level 3 spell: Tukima's Dance
    97 | D        | Learned a level 3 spell: Dazzling Spray
   100 | D        | Noticed Sigmund
   103 | D        | Killed Sigmund
   103 | D        | Reached skill level 11 in Stealth
   103 | D        | Reached XP level 5. HP: 25/25 MP: 11/14
   128 | D        | Found a deep blue altar of Sif Muna.
   130 | D        | Found a radiant altar of Vehumet.
   135 | D        | Reached XP level 6. HP: 30/30 MP: 16/16
   174 | D        | Found Asseikh's Gadget Emporium.
   174 | D        | Found an ancient bone altar of Kikubaaqudgha.
   174 | D        | Found a hazy altar of Hepliaklqana.
   174 | D        | Found a stormy altar of Qazlal.
   174 | D        | Found a hide-covered altar of Uskayaw.
   174 | D        | Found a blossoming altar of Fedhas.
   174 | D        | Found a bloodstained altar of Trog.
   174 | D        | Found an iron altar of Okawaru.
   174 | D        | Found a basalt altar of Yredelemnul.
   174 | D        | Found a glowing golden altar of the Shining One.
   174 | D        | Found a snail-covered altar of Cheibriados.
   174 | D        | Found a sacrificial altar of Ru.
   174 | D        | Found a glowing silver altar of Zin.
   174 | D        | Found a shadowy altar of Dithmenos.
   174 | D        | Found a white marble altar of Elyvilon.
   174 | D        | Noticed a yak
   175 | D        | Found an opulent altar of Gozag.
   176 | D        | Killed a yak
   176 | D        | Reached skill level 12 in Stealth
   176 | D        | Reached skill level 10 in Hexes
   177 | D        | Found a sparkling altar of Nemelex Xobeh.
   185 | D        | Became a worshipper of Dithmenos the Shadowed
   258 | D        | Noticed Sonja
   262 | D        | Killed Sonja
   262 | D        | Reached skill level 5 in Short Blades
   262 | D        | Reached skill level 15 in Stealth
   262 | D        | Reached XP level 7. HP: 33/33 MP: 17/19
   280 | D        | Noticed a deep troll
   284 | D        | Killed a deep troll
   284 | D        | Reached skill level 16 in Stealth
   284 | D        | Reached XP level 8. HP: 37/37 MP: 21/21
   296 | D        | Found Xetoyrag's Armour Emporium.
   301 | D        | Bought a +2 robe of fire resistance for 247 gold pieces
   395 | D        | Found Atijipn's Distillery.
   423 | D        | Noticed a centaur warrior
   423 | D        | Noticed a centaur warrior
   435 | D        | Killed a centaur warrior
   435 | D        | Reached * piety under Dithmenos
   435 | D        | Reached skill level 10 in Dodging
   435 | D        | Reached skill level 17 in Stealth
   435 | D        | Reached XP level 9. HP: 23/41 MP: 19/22
   462 | D        | Killed a centaur warrior
   462 | D        | Reached skill level 18 in Stealth
   582 | D        | Noticed an oklob plant
   584 | D        | Reached skill level 19 in Stealth
   862 | D        | Killed from afar by an oklob plant

Vault maps used:
D:        dungeon_sprint_1

Skill      XL: |  1  2  3  4  5  6  7  8  9 |
---------------+----------------------------+-----
Dodging        | 4 5 6 8 9 10 | 10.5
Stealth        | 6 9 11 15 16 17 19 | 19.1
Spellcasting   | 3 4 6 7 8 9 |  9.3
Hexes          | 5 7 9 12 13 14 | 14.6
Fighting       | 1 |  1.4
Short Blades   | 2 3 5 6 7 8 |  8.0

Action                   |  1- 3 |  4- 6 |  7- 9 || total
-------------------------+-------+-------+-------++-------
Melee: Dagger            |    15 |     4 |     9 ||    28
 Cast: Corona            |     1 |       |       ||     1
       Ensorcelled Hiber |       |       |     2 ||     2
       Dazzling Spray    |       |       |     6 ||     6
  Use: Potion            |     1 |       |     2 ||     3
       Scroll            |       |       |     1 ||     1
 Stab: Sleeping          |     1 |     4 |     4 ||     9
Armor: Robe              |     1 |       |       ||     1
Dodge: Dodged            |     7 |       |     2 ||     9
